 Dungeon Crawl Stone Soup version 0.30.0-29-ga12c61a403 (webtiles) character file.

Game seed: 11403584778628090513

48 DildoBatman the Conjurer (level 4, 0/32 HPs)
             Began as a Formicid Conjurer on June 15, 2023.
             Slain by a goblin
             ... wielding a +0 club
              (2 damage)
             ... on level 2 of the Dungeon.
             The game lasted 00:02:29 (1106 turns).

DildoBatman the Conjurer (Formicid Conjurer)        Turns: 1106, Time: 00:02:29

Health: 0/32       AC:  3    Str: 12    XL:     4   Next: 0%
Magic:  7/7        EV: 12    Int: 19    God:
Gold:   117        SH:  0    Dex: 12    Spells: 5/8 levels left

rFire   . . .        a - +0 sling
rCold   . . .        (no shield)
rNeg    . . .        n - +0 robe
rPois   .            (helmet unavailable)
rElec   .            o - +0 cloak
rCorr   .            (no gloves)
SInv    +            (no boots)
Will    +....        (no amulet)
Stlth   ++           g - ring of willpower
HPRegen 0.25/turn    (no ring)
MPRegen 0.10/turn

%: no passive effects
@: no status effects
A: permanent stasis, dig shafts and tunnels, antennae 3, four strong arms
a: Dig, Shaft Self


You were on level 2 of the Dungeon.
You visited 1 branch of the dungeon, and saw 2 of its levels.

You collected 117 gold pieces.

Inventory:

Hand Weapons
 a - a +0 sling (weapon)
 c - a +0 dagger
 e - a +0 mace
Missiles
 h - 5 silver javelins
 k - 4 boomerangs
 m - 6 poisoned darts
Armour
 n - a +0 robe (worn)
 o - a +0 cloak (worn)
Jewellery
 g - a ring of willpower (left hand)
Wands
 r - a wand of mindburst (3)
Scrolls
 d - a scroll of torment {unknown}
 l - a scroll of poison {unknown}
 p - a scroll of butterflies {unknown}
 q - a scroll of brand weapon {unknown}
Potions
 b - 2 potions of magic
 f - 2 potions of mutation {unknown}
 i - a potion of attraction {unknown}
 j - a potion of curing {unknown}
 s - a potion of heal wounds {unknown}
 t - 2 potions of ambrosia {unknown}


   Skills:
 * Level 1.3 Fighting
 * Level 1.1 Armour
 * Level 2.1 Dodging
 - Level 3.0 Stealth
 * Level 2.5 Spellcasting
 * Level 3.8 Conjurations


You had 5 spell levels left.
You knew the following spells:

 Your Spells              Type           Power      Damage    Failure   Level
a - Searing Ray           Conj           34%        2d5       4%          2
c - Magic Dart            Conj           68%        1d6       3%          1

Your spell library contained the following spells:

 Spells                   Type           Power      Damage    Failure   Level
 Dazzling Flash           Conj/Hex       18%        N/A       22%         3
 Fulminant Prism          Conj/Hex       4%         3d5       58%         4
 Iskenderun's Mystic Bla  Conj/Tloc      9%         2d4       58%         4


Dungeon Overview and Level Annotations

Branches:
Dungeon (2/15)

Altars:


Innate Abilities, Weirdness & Mutations

You cannot be hasted, slowed, berserked, paralysed or teleported.
You can dig through walls and to a lower floor.
You have a pair of large antennae on your head. (SInv)
Your four strong arms can wield two-handed weapons with a shield.


Message History

t - Shout!
Orders for allies: a - Attack new target. r - Retreat! s - Stop attacking. g - Guard the area. f - Follow me.
Anything else - Cancel.
You shout for attention!
The goblin closely misses you. What are your orders? t - Shout!
Orders for allies: a - Attack new target. r - Retreat! s - Stop attacking. g - Guard the area. f - Follow me.
Anything else - Cancel.
You shout for attention!
The goblin misses you. What are your orders? t - Shout!
Orders for allies: a - Attack new target. r - Retreat! s - Stop attacking. g - Guard the area. f - Follow me.
Anything else - Cancel.
You shout for attention!
The goblin misses you. What are your orders? t - Shout!
Orders for allies: a - Attack new target. r - Retreat! s - Stop attacking. g - Guard the area. f - Follow me.
Anything else - Cancel.
You shout for attention!
The goblin barely misses you. What are your orders? t - Shout!
Orders for allies: a - Attack new target. r - Retreat! s - Stop attacking. g - Guard the area. f - Follow me.
Anything else - Cancel.
You shout for attention!
The goblin hits you with a +0 club.
You die...

#.#..# #.#..# # #.#.†#
# . .####.#..# #.
............ ##.##
#.##.#....# ##....#
##.....#....# ...?..g##
##...(.......#
#.@###..#####......
#.#.#............##
...##.##.######..##
†.... ####.##......###
##.#..##......<........
............##.###.####
###.#.#########.# #.#
.#. #.# #.# #.# #.#


You could see a goblin.

Vanquished Creatures
  2 adders (D:2)
  2 endoplasms (D:1)
  A giant cockroach (D:1)
  3 goblins (D:1)
  2 hobgoblins (D:2)
  3 jackals (D:1)
  2 kobolds (D:1)
  5 ball pythons
  4 bats (D:1)
  A frilled lizard (D:1)
  3 rats
28 creatures vanquished.

Notes
Turn   | Place    | Note
-------+----------+-------------------------------------------
     0 | D:1      | DildoBatman the Formicid Conjurer began the quest for the
                  | Orb.
     0 | D:1      | Reached XP level 1. HP: 13/13 MP: 3/3
   242 | D:1      | Reached XP level 2. HP: 19/20 MP: 0/5
   245 | D:1      | Learned a level 2 spell: Searing Ray
   683 | D:1      | Reached XP level 3. HP: 23/25 MP: 6/6
   688 | D:1      | Found a faded altar of an unknown god.
   699 | D:1      | Reached skill level 1 in Fighting
   803 | D:2      | Reached skill level 1 in Armour
   992 | D:2      | Reached XP level 4. HP: 32/32 MP: 7/7
  1101 | D:2      | HP: 1/32 [goblin/+0 club (2)]
  1106 | D:2      | Slain by a goblin

Illustrated notes

Levels and vault maps discovered:
D:1:      lightli_arrival_boilingwater, layout_basic,
          shapermc_ecumenical_altar_mp_urbaneastern
D:2:      layout_loops_ring, kennysheep_generic_room_13

Skill      XL: |  1  2  3 |
---------------+----------+-----
Dodging        | 2 |  2.1
Fighting       | 1 |  1.3
Armour         | 1 |  1.1
Stealth        | 3 |  3.0
Spellcasting   | |  2.5
Conjurations   | |  3.8

Action                     |  1- 3 |  4- 6 || total
---------------------------+-------+-------++-------
  Melee: Dagger            |    18 |       ||    18
         Unarmed           |     3 |       ||     3
         Punch             |     1 |       ||     1
   Fire: Sling             |     8 |       ||     8
   Cast: Magic Dart        |    23 |       ||    23
         Searing Ray       |     4 |       ||     4
 Armour: Robe              |     6 |    16 ||    22
  Dodge: Dodged            |    14 |    66 ||    80
